Construct Section Command Post
Selects Indian Artillery Battlegroup
Selects Towed ML 4.2-inch Heavy Mortar
Towed ML 4.2-inch Heavy Mortar
Construct Platoon Command Post
6-pounder Anti-tank Gun Team
Selects Off-map Airburst Barrage
Construct Company Command Post
Selects Gurkha Rifles Section
Unlock M3 Grant Medium Tanks
Selects Perimeter Monitor
Unlock Bishop Self-propelled Artillery
Selects Volunteer Infantry
Bishop Self-propelled Artillery